 Dungeon Crawl Stone Soup version 0.14.2 (webtiles) character file.

1460 Amnesiac the Prestidigitator (level 8, -5/37 HPs)
             Began as a Spriggan Artificer on Feb 9, 2018.
             Was a Priest of Nemelex Xobeh.
             Killed from afar by a Brimstone Fiend (38 damage)
             ... with a blast of hellfire
             ... created by a card of wild magic
             ... on Level 5 of the Dungeon.
             The game lasted 00:17:12 (6118 turns).

Amnesiac the Prestidigitator (Spriggan Artificer)   Turns: 6118, Time: 00:17:13

HP  -5/37        AC  4     Str 14      XL: 8   Next: 33%
MP  25/25        EV 24     Int 11      God: Nemelex Xobeh [***...]
Gold 144         SH  0     Dex 17      Spells:  0 memorised,  7 levels left

rFire  . . .     SeeInvis +     u - plain deck of wonders {drawn: 5}
rCold  . . .     Clarity  .     e - +0 robe
rNeg   . . .     Conserve .     (shield restricted)
rPois  .         rCorr    .     (helmet restricted)
rElec  .         rRot     .     r - +0 cloak (curse)
SustAb . .       Spirit   .     (gloves unavailable)
rMut   .         Warding  .     (boots unavailable)
Saprov . . .     Stasis   .     (no amulet)
MR     +....                    (no ring)
                                G - +1 ring of protection

@: mighty, sage [Earth Magic, Charms], very quick, somewhat resistant to hostile
enchantments, fairly stealthy
A: unfitting armour, see invisible, dopey 1, herbivore 3, speed 3, slow
metabolism 2
a: Draw One, Peek at Two, Triple Draw, Renounce Religion


You were on level 5 of the Dungeon.
You worshipped Nemelex Xobeh.
Nemelex Xobeh was most pleased with you.
You were not hungry.

You visited 2 branches of the dungeon, and saw 6 of its levels.
You also visited: Sewer.

You collected 144 gold pieces.

Inventory:

Hand weapons
 a - a +0,+0 sling
Armour
 e - a +0 robe (worn)
 r - a cursed +0 cloak (worn)
Magical devices
 c - a wand of enslavement (12)
 x - a wand of flame (2)
 y - a wand of confusion (4)
 B - a wand of frost (0)
 H - a wand of cold (7) {unknown}
Comestibles
 b - an apple
 f - 4 bread rations
 s - a royal jelly
 z - a lemon
 E - a pear
 I - a choko
Scrolls
 d - 2 scrolls of noise {!r, unknown}
 h - a scroll of fear {!r, unknown}
 l - 3 scrolls of remove curse {!r, unknown}
 o - a scroll of teleportation {!r, unknown}
 q - 3 scrolls of magic mapping {!r, unknown}
 t - 2 scrolls of recharging {!r, unknown}
 v - 2 scrolls of enchant armour {!r, unknown}
 C - a scroll of amnesia {!r, unknown}
Jewellery
 G - a +1 ring of protection (left hand)
Potions
 g - 3 potions of restore abilities {!q}
 j - 2 potions of mutation {!q}
 m - a potion of degeneration {!q}
 n - 3 potions of heal wounds {!q}
 p - a potion of curing {!q}
 w - a potion of poison {!q}
 A - a potion of agility {!q}
 F - a potion of haste {!q}
Books
 J - a Necronomicon {highlevel, unknown}

   This book is beyond your current level of understanding.

   Spells                             Type                      Level
   Haunt                              Necromancy/Summoning         7
   Borgnjor's Revivification          Necromancy                   8
   Death's Door                       Charms/Necromancy            8
   Necromutation                      Transmutation/Necromancy     8
Miscellaneous
 u - a plain deck of wonders {drawn: 5} (in hand)


   Skills:
 - Level 1.0 Fighting
   Level 1.1 Short Blades
 + Level 8.8 Dodging
 - Level 1.5 Stealth
 * Level 12.1 Evocations


You had 7 spell levels left.
You didn't know any spells.

Dungeon Overview and Level Annotations

Branches:
Dungeon (5/15)             Temple (1/1) D:4

Altars:
Ashenzari
Cheibriados
Dithmenos
Elyvilon
Fedhas
Kikubaaqudgha
Makhleb
Nemelex Xobeh
Okawaru
Sif Muna
Trog
Vehumet
Xom
Yredelemnul
Zin
The Shining One


Innate Abilities, Weirdness & Mutations

You are tiny and cannot use many weapons and most armour.
You have supernaturally acute eyesight.
You are a herbivore.
You cover ground extremely quickly.
You need consume almost no food.
You are dopey. (Int -2)


Message History

The puff of flame hits the gnoll.
You kill the gnoll!
This wand has 4 charges left.
The giant gecko misses you.
Unknown command.
Evoke which item? (* to show all) (? for menu, Esc to quit)
Zapping:
x - a wand of flame (4)
Press: ? - help, Shift-Dir - straight line, f - giant gecko
Aim: a giant gecko The puff of flame hits the giant gecko.
The giant gecko is heavily wounded.
This wand has 3 charges left.
The giant gecko closely misses you.
Evoke which item? (* to show all) (? for menu, Esc to quit)
Zapping:
x - a wand of flame (3)
Press: ? - help, Shift-Dir - straight line, f/p - giant gecko
Aim: a giant gecko (heavily wounded)
The puff of flame hits the giant gecko.
You kill the giant gecko!
This wand has 2 charges left.
Things that are here:
a spear; a gnoll corpse
Okay, then.
You offer a prayer to Nemelex Xobeh.
The spear glows slightly and disappears.
The gnoll corpse glows slightly and disappears.
Nemelex Xobeh is most pleased with you. The crimson imp completely misses you.
The crimson imp laughs crazily.
Things that are here:
a flail; a gnoll corpse; 2 sling bullets You offer a prayer to Nemelex Xobeh.
The flail disappears without a glow.
The gnoll corpse glows slightly and disappears.
Really sacrifice 2 sling bullets? [Y]es or [N]o only, please.
Really sacrifice 2 sling bullets?
Nemelex Xobeh is most pleased with you.
Wield which item (- for none, * to show all)? (? for menu, Esc to quit)
u - a plain deck of cards (in hand) {god gift} The crimson imp closely misses you.
You draw a card...
It is the Helix.
This is a plain deck of wonders {drawn: 1}.
You feel stupid.
The crimson imp picks up a beetle and eats it.
The crimson imp closely misses you.
You draw a card...
It is the Sage.
You feel studious about Earth Magic.
The crimson imp hits you but does no damage.
You draw a card...
It is the Potion.
You feel very mighty all of a sudden.
The crimson imp hits you but does no damage.
You draw a card...
It is the Sage.
You feel studious about Charms.
The crimson imp blinks!
You draw a card...
It is Wild Magic.
You sense a hostile presence.
A Brimstone Fiend comes into view.
Read which item? (? for menu, Esc to quit)
Okay, then.
Read which item? (? for menu, Esc to quit)
Okay, then.
The crimson imp blinks!
You see here a stone.
The Brimstone Fiend gestures at you.
The hellfire explodes!
The blast of hellfire engulfs you!
Ouch! That really hurt!
You die...
Your body glows slightly and disappears.

.................#..........
............#.......5(.......
........#.....#...(..........
..................ยง..........
..... ..........1(..........
.... ...........(..........
... ..........(............ ..
.....!................. .
..........(..@.........
........(...............
..(......(....###.......
......#.......#........
#........((.............
.......)...(...#........
....(..(......#........
...(.((......#.......
...(.?.............


You could see a Brimstone Fiend and a crimson imp.

Vanquished Creatures
  The ghost of inmateoo the Shield-Bearer, an average GrFi (D:5)
  Eustachio (D:4)
  A sky beast (D:5)
  An ogre (D:3)
  3 worker ants
  Duvessa (D:4)
  3 giant frogs
  A scorpion (D:4)
  Dowan (D:4)
  An orc priest (D:4)
  Crazy Yiuf (D:2)
  The ghost of Amnesiac the Charlatan, a weakling SpAr (D:4)
  The ghost of Amnesiac the Charlatan, a weakling SpAr (D:3)
  Terence (D:2)
  4 gnolls (D:5)
  11 adders
  6 giant mites
  4 worms
  An adder skeleton (D:4)
  An ooze (D:3)
  6 orcs (D:4)
  4 ball pythons
  6 giant cockroaches
  6 hobgoblins
  6 jackals (D:2)
  7 bats
  7 giant geckos
  7 giant newts
  5 goblins
  8 kobolds
  9 rats
  A fungus (D:2)
117 creatures vanquished.

Vanquished Creatures (collateral kills)
  An ogre (D:4)
  A worm (D:4)
  A giant cockroach (D:4)
3 creatures vanquished.

Grand Total: 120 creatures vanquished

Notes
Turn   | Place    | Note
--------------------------------------------------------------
     0 | D:1      | Amnesiac, the Spriggan Artificer, began the quest for the Orb.
     0 | D:1      | Reached XP level 1. HP: 9/9 MP: 2/2
    73 | D:2      | Reached skill level 1 in Fighting
    89 | D:2      | Reached XP level 2. HP: 12/14 MP: 5/5
   179 | D:2      | Noticed Terence
   191 | D:3      | Reached skill level 5 in Evocations
   601 | D:3      | Noticed Amnesiac's ghost (weakling SpAr)
   602 | D:3      | Killed Amnesiac's ghost
   602 | D:3      | Reached XP level 3. HP: 12/18 MP: 8/8
   740 | D:4      | Noticed Amnesiac's ghost (weakling SpAr)
   750 | D:4      | Noticed a scorpion
   776 | D:4      | Noticed an ogre
   783 | D:4      | Noticed a giant frog
   799 | D:4      | Reached skill level 6 in Evocations
   810 | D:4      | Killed an ogre
   810 | D:4      | Reached XP level 4. HP: 1/22 MP: 10/12
   818 | D:4      | Found a staircase to the Ecumenical Temple.
   825 | D:4      | a giant frog (ally) was killed
   827 | Temple   | Entered the Ecumenical Temple
   923 | Temple   | Became a worshipper of Nemelex Xobeh the Trickster
  1333 | D:1      | Found a shattered altar of Ashenzari.
  1601 | D:1      | Received a gift from Nemelex Xobeh
  1948 | D:2      | Reached skill level 7 in Evocations
  2238 | D:2      | Killed Terence
  2238 | D:2      | Reached XP level 5. HP: 22/25 MP: 16/16
  2340 | D:2      | Acquired Nemelex Xobeh's first power
  2728 | D:2      | Found a blossoming altar of Fedhas.
  2957 | D:2      | Noticed Crazy Yiuf
  3001 | D:2      | Killed Crazy Yiuf
  3001 | D:2      | Reached skill level 5 in Dodging
  3471 | D:3      | Received a gift from Nemelex Xobeh
  3488 | D:3      | Reached skill level 8 in Evocations
  3590 | D:4      | Noticed Eustachio
  3593 | D:4      | Noticed Duvessa
  3594 | D:4      | Noticed Dowan
  3597 | D:4      | Killed Eustachio
  3597 | D:4      | Reached XP level 6. HP: 30/30 MP: 17/19
  3600 | D:4      | Acquired Nemelex Xobeh's second power
  3615 | D:4      | Duvessa (ally) was killed
  3615 | D:4      | Your ally died
  3615 | D:4      | Reached skill level 9 in Evocations
  3620 | D:4      | Killed Dowan
  3991 | D:3      | Reached XP level 7. HP: 28/33 MP: 22/22
  4189 | D:4      | Reached skill level 10 in Evocations
  4236 | D:4      | Received a gift from Nemelex Xobeh
  4318 | D:4      | Killed a scorpion
  4525 | D:4      | Acquired Nemelex Xobeh's third power
  4577 | D:4      | Received a gift from Nemelex Xobeh
  4777 | D:4      | Killed Amnesiac's ghost
  4887 | D:5      | Entered Level 5 of the Dungeon
  5120 | D:5      | Noticed inmateoo's ghost (average GrFi)
  5172 | D:5      | Killed inmateoo's ghost
  5172 | D:5      | Reached skill level 11 in Evocations
  5248 | D:5      | Reached XP level 8. HP: 28/37 MP: 25/25
  5367 | D:5      | Found a glowing drain.
  5373 | Sewer    | Entered a sewer
  5783 | Sewer    | Received a gift from Nemelex Xobeh
  5799 | Sewer    | Reached skill level 12 in Evocations
  6110 | D:5      | Gained mutation: You are dopey. (Int -2) [helix card]
  6114 | D:5      | Noticed a Brimstone Fiend
  6118 | D:5      | Killed from afar by a Brimstone Fiend

Action                   |  1- 3 |  4- 6 |  7- 9 || total
-------------------------+-------+-------+-------++-------
Melee: Short sword       |    39 |   116 |       ||   155
       Unarmed           |       |     1 |    16 ||    17
 Fire: Sling             |       |    80 |   237 ||   317
Evoke: Wand              |    32 |     3 |    18 ||    53
       Deck              |       |    21 |    20 ||    41
  Use: Potion            |     1 |       |       ||     1
       Scroll            |       |       |     7 ||     7
 Stab: Sleeping          |     1 |     1 |       ||     2
